AoeStats
← TheGhostmaster

Pilgrims

509700522Analyzed
4v4 RM · 4d ago on Sep 27, 2026· 47m 38s· 8 players
Game mode
Random Map
Map size
Large (8 player)
Population
200
Speed
Normal
Resources
Standard
Victory
Conquest
Starting age
Dark Age
Ending age
Imperial Age
RankedLock teamsTeams togetherTeam positionsShared explorationLock speedFull tech treeHidden civsTurbo modeCheats
Victory
Defeat
🇧🇷 Wei · Brazil
1525
+14
🇦🇷 Romans · Argentina
1494
+16
🇨🇦 Mapuche · Canada
1494
+16
🇫🇮 Bohemians · Finland
1493
+16
🇮🇩 Aztecs · Indonesia
1574
-20
🇧🇪 Tatars · Belgium
1522
-17
🇮🇩 Franks · Indonesia
1490
-15
🇮🇩 Koreans · Indonesia
1358
-10
TheGhostmaster
3:02 Loom
11:26 Feudal Age
11:57 Double-Bit Axe
12:32 Fishing Lines
15:48 Town Watch
16:20 Fletching
19:21 Castle Age
18:59 Gold Mining
19:56 Bodkin Arrow
20:15 Medium Warships
31:10 Guard Tower
32:34 Bow Saw
34:14 Gillnets
34:18 Horse Collar
36:56 Wheelbarrow
38:44 Masonry
38:44 Scale Barding Armor
40:32 Hand Cart
40:21 Town Patrol
46:20 Fervor
Persian Assassin
9:07 Loom
11:09 Feudal Age
16:14 Castle Age
14:23 Horse Collar
14:33 Double-Bit Axe
14:56 Horse Collar
18:33 Fletching
27:22 Bodkin Arrow
27:27 Padded Archer Armor
27:23 Gold Mining
29:33 Wheelbarrow
28:44 Town Watch
30:25 Leather Archer Armor
31:52 Ballistics
35:11 Imperial Age
34:35 Bow Saw
34:26 Heavy Plow
34:17 Stone Mining
36:28 Ring Archer Armor
35:22 Elite Bolas Rider
36:19 Butalmapu
36:34 Conscription
39:28 Chemistry
Irrelevant
4:45 Loom
12:33 Feudal Age
16:27 Castle Age
15:43 Double-Bit Axe
18:46 Bow Saw
19:58 Horse Collar
23:35 Heavy Plow
23:52 Town Watch
27:12 Wheelbarrow
29:49 Wagenburg Tactics
31:04 Hand Cart
35:57 Imperial Age
35:29 Scale Mail Armor
35:39 Forging
35:32 Squires
34:52 Pikeman
35:18 Arson
36:51 Chemistry
36:01 Masonry
36:29 Halberdier
37:46 Chain Mail Armor
38:06 Iron Casting
39:56 Two-Man Saw
38:25 Houfnice
39:39 Siege Engineers
41:27 Plate Mail Armor
42:30 Conscription
43:28 Blast Furnace
42:34 Elite Hussite Wagon
45:36 Coinage
45:16 Guilds
46:02 Fletching
46:13 Padded Archer Armor
46:34 Ballistics
46:24 Masonry
47:32 Bodkin Arrow
47:52 Leather Archer Armor
Mr. M
10:02 Loom
11:58 Feudal Age
12:55 Double-Bit Axe
15:59 Castle Age
13:41 Horse Collar
13:54 Gold Mining
14:49 Stone Mining
15:39 Fletching
16:38 Bodkin Arrow
16:44 Scale Mail Armor
17:08 Medium Warships
17:53 Bow Saw
17:44 Heavy Plow
23:13 Clinker Construction
23:14 Careening
25:06 Fishing Lines
28:54 Wheelbarrow
34:08 Imperial Age
32:54 Scale Barding Armor
33:04 Chain Mail Armor
33:02 Forging
34:02 Gold Shaft Mining
34:03 Stone Shaft Mining
34:28 Chain Barding Armor
35:31 Iron Casting
35:18 Conscription
35:34 Bloodlines
35:25 Husbandry
37:42 Elite Tiger Cavalry
40:07 Iron Casting
41:38 Ming Guang Armor
43:46 Blast Furnace
Malice
6:33 Loom
10:05 Feudal Age
10:55 Double-Bit Axe
12:37 Wheelbarrow
14:49 Town Watch
19:22 Castle Age
17:59 Fletching
18:27 Horse Collar
20:04 Bodkin Arrow
20:45 Padded Archer Armor
21:35 Bow Saw
23:58 Hand Cart
23:58 Gold Mining
24:34 Husbandry
27:32 Leather Archer Armor
32:38 Ballistics
36:46 Imperial Age
34:31 Scale Barding Armor
35:39 Chain Barding Armor
36:24 Silk Armor
37:36 Siege Engineers
37:54 Onager
39:14 Conscription
38:17 Light Cavalry
39:08 Bloodlines
39:01 Bracer
39:31 Ring Archer Armor
40:06 Chemistry
40:48 Plate Barding Armor
40:52 Hussar
VSPR | Valkyrie
3:13 Loom
11:03 Feudal Age
11:55 Fishing Lines
12:15 Double-Bit Axe
19:42 Castle Age
21:03 Medium Warships
20:54 Gillnets
24:17 Imperial Age
22:40 Fletching
23:27 Ballistics
23:35 Careening
25:28 Heavy Warships
25:23 Bow Saw
28:47 Bodkin Arrow
29:10 Loom
31:07 Horse Collar
35:15 Chemistry
36:18 Wheelbarrow
35:45 Bracer
37:35 Elite Cannon Galleon
42:34 Siphons
44:30 Elite Fire Lancer
47:00 Scale Mail Armor
47:11 Forging
[LOEL] - ISABUYA
7:41 Loom
12:28 Feudal Age
16:30 Castle Age
14:33 Double-Bit Axe
15:02 Scale Barding Armor
19:44 Forging
21:11 Husbandry
29:57 Chain Barding Armor
36:08 Light Cavalry
37:21 Fortified Wall
44:44 Wheelbarrow
43:54 Town Watch
[LOEL] - ENF
4:24 Loom
11:30 Feudal Age
15:21 Castle Age
13:26 Double-Bit Axe
13:32 Fishing Lines
15:01 Fletching
16:15 Bow Saw
16:17 Medium Warships
16:21 Bodkin Arrow
18:45 Ballistics
18:36 Clinker Construction
20:18 Careening
28:18 Gold Mining
29:04 Wheelbarrow
29:54 Horse Collar
30:52 Hand Cart
35:06 Imperial Age
33:32 Forging
33:23 Scale Mail Armor
35:10 Iron Casting
35:08 Town Watch
36:22 Heavy Warships
36:05 Gillnets
37:50 Chemistry
37:32 Chain Mail Armor
38:18 Blast Furnace
37:55 Eagle Warrior
38:35 Squires
39:07 Plate Mail Armor
39:18 Conscription
39:57 Garland Wars
39:58 Conscription
40:14 Elite Eagle Warrior
44:44 Fortified Wall
44:15 Treadmill Crane
47:12 Murder Holes
Connection lost

Rejoining the realm…

Still unreachable

The connection could not be restored.

Session expired

The server has moved on; the page needs a fresh start.